Map: 2000 Atmospheres LE

Players

Scarlett

  • Race: Zerg Zerg
  • League: Master

PattyMac - Winner!

  • Race: Protoss Protoss
  • League: Grandmaster

VOD

Have the link to the VOD?

Description

Time

  • Played on: Feb. 8, 2022, 10:58 p.m.
  • Length: 14:03
Show
View Real Time Build Order
Export as new Build Order

Scarlett Zerg 

Build Orders: Hatch First 

Get SALT Encoding   

  12  0:00  Drone  
  13  0:19  Drone  
  13  0:20  Overlord  
  14  0:39  Drone  
  15  0:43  Drone  
  15  0:48  Drone  
  17  0:51  Hatchery  
  16  0:58  Drone  
  16  1:03  Extractor  
  16  1:07  Drone  
  17  1:14  Spawning Pool  
  17  1:17  Drone  
  17  1:28  Drone  
  18  1:39  Drone  
  19  1:50  Drone  
  20  2:00  Queen  
  22  2:02  Overlord  
  22  2:03  Zergling x2, Queen  
  22  2:08  Metabolic Boost  
  25  2:16  Drone x2  
  27  2:23  Drone  
  28  2:32  Drone  
  29  2:38  Hatchery  
  29  2:42  Queen  
  30  2:45  Zergling x2  
  30  2:48  Drone  
  30  2:51  Drone  
  33  2:56  Drone  
  33  2:57  Drone  
  35  2:59  Drone  
  36  3:12  Overlord  
  36  3:15  Overlord  
  36  3:24  Drone x2, Roach Warren, Extractor  
  36  3:29  Queen  
  36  3:30  Drone  
  36  3:31  Drone x2  
  36  3:32  Drone  
  42  3:34  Drone  
  42  3:36  Drone  
  42  3:40  Drone  
  45  3:41  Drone  
  45  3:42  Drone  
  45  3:44  Drone  
  48  3:49  Overlord  
  48  3:54  Zergling x4  
  49  3:59  Zergling x6  
  52  4:04  Roach x2  
  52  4:08  Roach  
  58  4:13  Overlord  
  58  4:15  Zergling x8  
  58  4:33  Drone x8  
  65  4:38  Spore Crawler  
  65  4:40  Spore Crawler  
  65  4:43  Spore Crawler  
  62  4:47  Drone x3  
  62  4:52  Drone x3  
  68  4:57  Lair  
  68  5:00  Overlord  
  68  5:01  Roach  
  68  5:06  Roach x2  
  74  5:20  Roach x4  
  81  5:34  Zergling x8  
  80  5:48  Drone x10  
  80  5:54  Drone x5  
  80  6:00  Glial Reconstitution  
  80  6:01  Drone x2  
  79  6:05  Drone  
  79  6:09  Overseer  
  79  6:10  Drone  
  81  6:13  Overlord x2  
  81  6:16  Overlord x2  
  81  6:24  Evolution Chamber  
  81  6:25  Extractor x2  
  78  6:26  Queen  
  78  6:28  Drone  
  78  6:32  Drone x4  
  85  6:37  Queen x2  
  89  6:45  Overlord, Drone x7  
  96  6:49  Spore Crawler  
  96  6:50  Spore Crawler x2  
  96  6:52  Zerg Missile Weapons Level 1  
  93  6:57  Overlord x2  
  93  7:05  Queen  
  93  7:07  Spore Crawler  
  90  7:09  Drone x3  
  90  7:13  Queen  
  93  7:24  Queen  
  93  7:25  Overlord x2  
  95  7:32  Spore Crawler  
  95  7:33  Drone x4  
  95  7:34  Overlord x4  
  98  7:40  Overlord x2  
  98  7:54  Queen  
  98  7:55  Drone x7  
  98  7:56  Extractor  
  98  7:58  Extractor  
  105  8:05  Spore Crawler  
  101  8:07  Drone x7  
  101  8:11  Infestation Pit  
  101  8:12  Queen  
  107  8:13  Baneling Nest, Drone x4  
  107  8:14  Queen  
  107  8:19  Spore Crawler  
  113  8:31  Queen  
  115  8:36  Hatchery  
  114  8:42  Overlord x5  
  114  8:50  Roach x5  
  114  8:51  Evolution Chamber  
  114  8:54  Roach x5  
  133  8:56  Roach  
  133  8:58  Baneling  
  133  8:59  Baneling x3  
  135  9:06  Zergling x12  
  135  9:08  Centrifugal Hooks  
  141  9:11  Zerg Melee Weapons Level 1  
  141  9:14  Roach  
  143  9:21  Roach x3  
  145  9:26  Roach x2  
  145  9:27  Roach x2  
  145  9:30  Baneling x5  
  139  9:31  Roach x2  
  139  9:34  Roach x2  
  139  9:37  Roach x2  
  129  9:38  Roach  
  129  9:41  Roach  
  129  9:42  Roach  
  119  9:46  Roach x2  
  120  9:55  Hive  
  120  9:59  Drone x5  
  121  10:00  Queen  
  121  10:05  Queen x2  
  127  10:13  Zergling x6  
  130  10:14  Spore Crawler  
  130  10:18  Spore Crawler, Pathogen Glands  
  128  10:24  Drone x8  
  136  10:31  Roach x4  
  144  10:47  Infestor x7  
  158  11:04  Extractor x2  
  157  11:05  Zerg Melee Weapons Level 2  
  157  11:06  Zergling x2  
  157  11:07  Zergling x8  
  157  11:08  Drone x5  
  160  11:13  Drone x6  
  160  11:15  Neural Parasite  
  160  11:17  Spore Crawler  
  164  11:20  Baneling  
  164  11:21  Baneling x3  
  164  11:22  Burrow  
  164  11:23  Infestor x3  
  170  11:26  Queen x2  
  170  11:28  Drone  
  170  11:30  Evolution Chamber  
  170  11:32  Baneling x8  
  174  11:42  Infestor  
  174  11:43  Overlord  
  175  11:59  Spine Crawler  
  174  12:06  Spine Crawler  
  169  12:09  Queen x3  
  173  12:21  Drone  
  173  12:22  Spire  
  173  12:25  Ravager x6  
  173  12:26  Ravager  
  180  12:32  Queen  
  180  12:36  Hatchery  
  181  12:43  Roach x9  
  198  13:09  Drone x2  
  198  13:10  Drone x2  
  198  13:11  Spore Crawler x2  
  198  13:15  Infestor  
  197  13:40  Roach x15  
Show
View Real Time Build Order
Export as new Build Order

PattyMac Protoss - Winner!

Build Orders: 1 Gate Expand, Mass Adepts 

Get SALT Encoding   

  12  0:00  Probe  
  13  0:12  Probe  
  14  0:19  Pylon  
  14  0:24  Probe (Chrono Boost)  
  15  0:38  Probe (Chrono Boost)  
  15  0:40  Gateway  
  16  0:45  Probe (Chrono Boost)  
  16  0:49  Assimilator  
  17  0:52  Probe  
  19  1:04  Probe  
  19  1:16  Probe  
  20  1:25  Nexus  
  20  1:35  Cybernetics Core  
  20  1:38  Probe  
  21  1:43  Assimilator  
  21  1:50  Probe  
  21  1:52  Pylon  
  22  2:03  Probe (Chrono Boost)  
  22  2:08  Warp Gate (Chrono Boost), Adept (Chrono Boost)  
  23  2:14  Probe (Chrono Boost)  
  26  2:19  Probe (Chrono Boost)  
  26  2:21  Gateway  
  27  2:30  Stalker (Chrono Boost)  
  27  2:33  Probe  
  30  2:41  Probe  
  31  2:45  Probe  
  31  2:49  Gateway  
  32  2:53  Probe  
  32  2:55  Adept (Chrono Boost)  
  35  2:59  Probe  
  37  3:05  Probe  
  37  3:08  Adept  
  37  3:11  Probe  
  40  3:13  Pylon  
  40  3:17  Probe  
  40  3:19  Pylon  
  41  3:23  Probe  
  42  3:29  Probe  
  42  3:32  Twilight Council  
  43  3:35  Probe  
  44  3:44  Probe  
  44  3:47  Probe  
  46  3:51  Adept x3  
  52  3:59  Probe  
  52  4:01  Nexus  
  52  4:02  Resonating Glaives (Chrono Boost)  
  53  4:03  Pylon  
  53  4:06  Probe  
  54  4:11  Adept  
  54  4:13  Probe  
  54  4:16  Adept  
  59  4:20  Adept  
  62  4:24  Probe  
  62  4:30  Probe  
  63  4:34  Stargate  
  63  4:35  Assimilator  
  63  4:36  Probe  
  63  4:37  Assimilator, Adept  
  64  4:41  Adept  
  62  4:48  Probe  
  62  4:50  Adept  
  62  4:51  Probe  
  66  4:56  Stargate  
  66  5:00  Probe  
  66  5:03  Probe  
  68  5:08  Forge  
  68  5:12  Shield Battery  
  68  5:13  Adept x2  
  73  5:15  Probe (Chrono Boost)  
  73  5:16  Probe (Chrono Boost)  
  73  5:18  Adept  
  77  5:21  Probe (Chrono Boost)  
  77  5:23  Phoenix (Chrono Boost)  
  77  5:25  Probe (Chrono Boost)  
  77  5:27  Probe (Chrono Boost)  
  82  5:28  Probe (Chrono Boost)  
  82  5:36  Probe  
  82  5:37  Probe  
  82  5:40  Probe  
  83  5:45  Phoenix (Chrono Boost)  
  83  5:46  Phoenix (Chrono Boost)  
  85  5:51  Protoss Ground Weapons Level 1  
  85  5:52  Probe  
  85  5:54  Probe  
  85  5:55  Assimilator, Pylon  
  85  5:56  Pylon  
  77  5:59  Assimilator  
  77  6:02  Probe  
  77  6:03  Dark Shrine, Pylon  
  70  6:04  Probe  
  70  6:11  Probe, Adept x2  
  75  6:15  Pylon  
  75  6:17  Phoenix (Chrono Boost)  
  78  6:18  Probe  
  78  6:22  Probe, Photon Cannon  
  78  6:23  Phoenix (Chrono Boost)  
  82  6:32  Probe  
  85  6:35  Phoenix (Chrono Boost)  
  85  6:36  Adept  
  85  6:37  Adept  
  85  6:38  Probe  
  85  6:39  Probe  
  91  6:42  Phoenix (Chrono Boost)  
  91  6:46  Gateway  
  93  6:55  Phoenix (Chrono Boost), Robotics Facility  
  95  7:07  Gateway  
  95  7:08  Gateway  
  95  7:09  Charge (Chrono Boost)  
  95  7:11  Gateway  
  95  7:13  Gateway  
  95  7:18  Zealot  
  95  7:19  Zealot x2  
  101  7:23  Phoenix  
  103  7:36  Pylon  
  101  7:40  Gateway, Pylon  
  101  7:41  Zealot x4  
  101  7:42  Observer  
  110  7:44  Phoenix  
  110  7:47  Nexus  
  110  7:49  Pylon  
  112  8:03  Dark Templar x5  
  120  8:08  Dark Templar, Archon x2  
  120  8:09  Protoss Ground Weapons Level 2 (Chrono Boost)  
  120  8:21  Zealot x2, Warp Prism (Chrono Boost), Archon  
  120  8:25  Probe x3  
  129  8:37  Probe  
  129  8:38  Zealot x2, Shield Battery  
  129  8:39  Dark Templar  
  129  8:40  Dark Templar, Sentry  
  140  8:44  Archon  
  139  8:50  Phoenix  
  141  8:57  Pylon x2  
  141  8:59  Probe, Phoenix  
  144  9:06  Zealot x5  
  154  9:10  Pylon  
  138  9:24  Zealot x2  
  138  9:25  Zealot x2  
  138  9:27  Zealot x3  
  138  9:28  Zealot  
  142  9:33  Zealot  
  123  9:43  Immortal (Chrono Boost)  
  115  9:52  Phoenix x2 (Chrono Boost)  
  105  9:55  Zealot x7  
  117  10:02  Fleet Beacon  
  117  10:20  Immortal (Chrono Boost)  
  117  10:24  Dark Templar x3  
  117  10:25  Dark Templar  
  129  10:29  Dark Templar x2, Robotics Bay  
  129  10:30  Dark Templar, Archon, Pylon  
  129  10:31  Archon  
  129  10:34  Archon  
  129  10:35  Dark Templar  
  137  10:36  Probe x2  
  137  10:37  Zealot  
  137  10:41  Archon  
  141  10:47  Robotics Facility  
  141  10:51  Probe  
  141  10:53  Pylon  
  141  10:54  Assimilator, Immortal (Chrono Boost)  
  141  10:56  Assimilator  
  146  11:00  Photon Cannon  
  142  11:13  Carrier (Chrono Boost)  
  142  11:14  Probe  
  155  11:21  Carrier (Chrono Boost)  
  155  11:26  Zealot x6  
  155  11:30  Observer (Chrono Boost)  
  155  11:32  Protoss Air Weapons Level 1 (Chrono Boost)  
  169  11:47  Disruptor (Chrono Boost)  
  169  11:48  Disruptor (Chrono Boost)  
  169  11:54  Pylon  
  172  12:01  Carrier (Chrono Boost)  
  172  12:05  Nexus  
  178  12:11  Carrier (Chrono Boost)  
  178  12:13  Disruptor (Chrono Boost)  
  178  12:15  Pylon  
  182  12:16  Disruptor (Chrono Boost)  
  188  12:24  Zealot x3  
  188  12:25  Zealot  
  196  12:41  Stargate  
  196  12:43  Pylon  
  196  12:44  Pylon  
  190  13:11  Zealot x4  
  190  13:22  Zealot x4  
  194  13:27  Photon Cannon  
  194  13:29  Photon Cannon  
  194  13:31  Photon Cannon  
  194  13:32  Photon Cannon  
  194  13:34  Shield Battery  
  194  13:38  Assimilator  
  168  13:42  Assimilator  
Tags
 
Add a new tag
Caveats
  • Supply blocks, unpowered buildings, or Contaminate may cause inaccurate times.
  • Supply counts are checked every 10 seconds.